 Dungeon Crawl Stone Soup version 0.19-a0-1908-g43c011f (webtiles) character file.

1381 Jorund the Cleaver (level 8, -12/56 HPs)
             Began as a Demonspawn Gladiator on Oct 22, 2016.
             Mangled by an orc warrior
             ... wielding a +0 trident
              (16 damage)
             ... on level 6 of the Dungeon.
             The game lasted 00:13:21 (6000 turns).

Jorund the Cleaver (Demonspawn Gladiator)           Turns: 6000, Time: 00:13:22

Health: -12/56     AC:  8    Str: 19    XL:     8   Next: 39%
Magic:  8/8        EV: 12    Int:  9    God:
Gold:   12         SH:  4    Dex: 15    Spells: 0 memorised, 7 levels left

rFire  + . .     SeeInvis +     a - +1 war axe
rCold  . . .     Gourm    .     b - +0 leather armour
rNeg   . . .     Faith    .     n - +0 buckler
rPois  +         Spirit   .     p - +1 helmet
rElec  .         Reflect  .     (no cloak)
rCorr  .         Harm     .     u - +0 pair of gloves
MR     .....                    t - +0 pair of boots
Stlth  ++........               (no amulet)
                                o - ring of see invisible
                                s - ring of poison resistance

@: very slightly contaminated, hasted, drained, very quick
A: talons 1, camouflage 1, demonic guardian 1, fire resistance 1, powered by
death 1, strong 1
a: no special abilities


You were on level 6 of the Dungeon.
You were not hungry.

You visited 2 branches of the dungeon, and saw 7 of its levels.

You collected 102 gold pieces.
You spent 90 gold pieces at shops.

Inventory:

Hand Weapons
 a - a +1 war axe (weapon)
Armour
 b - a +0 leather armour (worn)
 n - a +0 buckler (worn)
 p - a +1 helmet (worn)
 t - a +0 pair of boots (worn)
 u - a +0 pair of gloves (worn)
Jewellery
 c - a +3 ring of evasion
 l - an uncursed ring of resist corrosion
 o - a ring of see invisible (right hand)
 s - a ring of poison resistance (left hand)
Wands
 v - a wand of confusion (27/48)
Scrolls
 e - a scroll of identify
 i - a scroll of blinking
 j - 2 scrolls of enchant armour
 q - a scroll of teleportation
 r - a scroll of remove curse
 w - a scroll of fear
Comestibles
 d - 4 chunks of flesh
 f - 3 bread rations
 h - 2 meat rations
 k - 5 fruits


   Skills:
 - Level 2.0(1.8) Fighting
 + Level 8.7(8.5) Axes
 - Level 1.7(1.6) Throwing
 + Level 3.9(3.7) Armour
 - Level 2.6(2.5) Dodging
 + Level 1.8(1.7) Shields


You had 7 spell levels left.
You didn't know any spells.

Dungeon Overview and Level Annotations

Branches:
Dungeon (6/15)             Temple (1/1) D:5

Altars:
Ashenzari
Dithmenos
Elyvilon
Fedhas
Gozag
Kikubaaqudgha
Makhleb
Nemelex Xobeh
Qazlal
Ru
Sif Muna
Trog
Uskayaw
Vehumet
Xom
Yredelemnul
Zin
The Shining One

Shops:
D:4 %}!(}


Innate Abilities, Weirdness & Mutations

You have sharp toenails.
A weak demonic guardian rushes to your aid.
You regenerate a little health from kills.
Your skin changes colour to match your surroundings (Stealth+).
Your flesh is heat resistant. (rF+)
Your muscles are strong. (Str +2)


Message History

Unknown command.
You hit the orc warrior but do no damage.
The orc warrior is heavily wounded.
You hit the adder. You hit the centaur.
Unknown command.
You hit the orc warrior but do no damage.
The orc warrior is heavily wounded.
You completely miss the centaur. You slash the adder!
The centaur hits you but does no damage.
The adder bites you but does no damage.
The orc warrior hits you with a trident!
* * * LOW HITPOINT WARNING * * *
The centaur hits you.
* * * LOW HITPOINT WARNING * * *
Unknown command.
You hit the orc warrior.
The orc warrior is heavily wounded.
You miss the adder. You barely miss the centaur. The adder closely misses you.
The orc warrior hits you with a trident!
You die...

.............## #......###
$.........##.# ##.......#
.........##.# #.....##.#
.......#.....# #..(..##.#
.......#.....#####.....##.#####
.##....# ........#.....#......#
..............#......#
...#...o###...#......#
......S@##....#......#
##...5c.##...........###
#...#####.......##....# #...
#...>.).......# ....
####).)....[... ...
#.###....#.. ... #.# ######..
#####.# ### #<....#


You could see an orc warrior, a centaur, an adder and a friendly iron imp.

Vanquished Creatures
  Grinder (D:3)
  The ghost of Vesto the Shield-Bearer, an amateur FoFi (D:4)
  The ghost of Jorund the Covered, an amateur FoFi (D:3)
  A water moccasin (D:5)
  An ice beast (D:5)
  An ogre (D:6)
  A wyvern skeleton (D:6)
  2 wights (D:6)
  A howler monkey (D:5)
  2 crimson imps
  A hound (D:5)
  A bullfrog zombie (D:5)
  An orc priest (D:4)
  2 bullfrog skeletons (D:5)
  A jelly (D:5)
  4 orc wizards
  7 adders
  2 oozes
  2 worms
  2 dart slugs
  2 leopard geckos
  19 orcs
  3 giant cockroaches
  7 goblins
  8 hobgoblins
  6 jackals
  2 quokkas
  2 ball pythons
  5 bats
  6 frilled lizards
  A jackal skeleton (D:4)
  8 kobolds
  A leopard gecko skeleton (D:4)
  13 rats
  A bush (D:2)
119 creatures vanquished.

Vanquished Creatures (collateral kills)
  An ogre (D:6)
  A crimson imp (D:6)
  A worker ant (D:6)
  A dart slug (D:5)
  3 orcs (D:6)
7 creatures vanquished.

Vanquished Creatures (others)
  A bush (D:2)
1 creature vanquished.

Grand Total: 127 creatures vanquished

Notes
Turn   | Place    | Note
-------+----------+-------------------------------------------
     0 | D:1      | Jorund the Demonspawn Gladiator began the quest for the Orb.
     0 | D:1      | Reached XP level 1. HP: 16/16 MP: 1/1
    47 | D:1      | Reached skill level 3 in Axes
    84 | D:1      | Gained mutation: A weak demonic guardian rushes to your aid. [demonic ancestry]
    84 | D:1      | Reached XP level 2. HP: 22/22 MP: 2/2
   282 | D:1      | Reached XP level 3. HP: 17/27 MP: 3/3
   536 | D:2      | Reached skill level 4 in Axes
   962 | D:2      | Reached skill level 1 in Armour
   978 | D:2      | Reached XP level 4. HP: 33/33 MP: 4/4
  2316 | D:3      | Reached XP level 5. HP: 38/38 MP: 5/5
  2328 | D:3      | Noticed Grinder
  2329 | D:3      | Noticed Jorund's ghost (amateur FoFi)
  2402 | D:3      | Paralysed by Grinder for 5 turns
  2414 | D:3      | Killed Jorund's ghost
  2414 | D:3      | Reached skill level 5 in Axes
  2418 | D:3      | Paralysed by Grinder for 2 turns
  2422 | D:3      | Killed Grinder
  2422 | D:3      | Reached skill level 6 in Axes
  2422 | D:3      | Gained mutation: You have sharp toenails. [demonic ancestry]
  2422 | D:3      | Reached XP level 6. HP: 14/44 MP: 6/6
  3066 | D:3      | Gained mutation: Your muscles are strong. (Str +2) [potion of mutation]
  3066 | D:3      | Gained mutation: Your flesh is heat resistant. (rF+) [potion of mutation]
  3066 | D:3      | Gained mutation: Your skin changes colour to match your surroundings (Stealth+). [potion of mutation]
  3358 | D:4      | Found Reaskiv's Gadget Emporium.
  3429 | D:4      | Noticed Vesto's ghost (amateur FoFi)
  3463 | D:4      | Killed Vesto's ghost
  3463 | D:4      | Reached skill level 1 in Shields
  3463 | D:4      | Reached XP level 7. HP: 36/50 MP: 7/7
  3466 | D:4      | Found Kubress's Weapon Boutique.
  3474 | D:4      | Found Ypnuwib's Food Emporium.
  3477 | D:4      | Found Rutic's Gadget Boutique.
  3733 | D:4      | Found Xun Xony's Distillery.
  3741 | D:4      | Bought a potion of curing for 30 gold pieces
  3852 | D:5      | Entered Level 5 of the Dungeon
  3866 | D:5      | Found a staircase to the Ecumenical Temple.
  3882 | Temple   | Entered the Ecumenical Temple
  4067 | D:5      | Reached skill level 7 in Axes
  4371 | D:4      | Bought a potion of curing for 30 gold pieces
  4957 | D:5      | Gained mutation: You regenerate a little health from kills. [demonic ancestry]
  4957 | D:5      | Reached XP level 8. HP: 44/56 MP: 8/8
  5055 | D:4      | Bought a potion of curing for 30 gold pieces
  5119 | D:6      | Reached skill level 8 in Axes
  6000 | D:6      | Mangled by an orc warrior

Vault maps used:
D:1:      minmay_arrival_jagged
D:2:      serial_forest, infiniplex_forest_end_2,
          infiniplex_forest_lined_room_3, infiniplex_forest_end_1,
          infiniplex_forest_clump_tiny, infiniplex_forest_clump_small,
          infiniplex_forest_clump_curved, infiniplex_forest_lined_3_way,
          feat_on_display
D:3:      minmay_misc_feat_room, uniq_grinder
D:4:      serial_shops, nicolae_shop_trees, nicolae_shop_waterfront, shop,
          nicolae_shop_competitors_out_of_business, shop
D:5:      first_bread
Temple:   regret_index_temple_mists

Skill      XL: |  1  2  3  4  5  6  7  8 |
---------------+-------------------------+-----
Axes           | 3 4 6 7 8 |  8.7
Armour         | 1 2 3 |  3.9
Shields        | 1 |  1.8
Fighting       | |  2.0
Throwing       | |  1.7
Dodging        | |  2.6

Action                   |  1- 3 |  4- 6 |  7- 9 || total
-------------------------+-------+-------+-------++-------
Melee: War axe           |   138 |   211 |   167 ||   516
       Kick              |       |    10 |    39 ||    49
Throw: Throwing net      |       |       |     6 ||     6
Evoke: Wand              |       |       |     1 ||     1
  Use: Scroll            |       |     2 |     7 ||     9
       Potion            |       |     8 |     4 ||    12
 Stab: Sleeping          |     1 |     2 |     1 ||     4
       Distracted        |       |     2 |     1 ||     3
       Held in net/web   |       |       |     1 ||     1
       Confused          |       |       |     1 ||     1
  Eat: Chunk             |     1 |     8 |     3 ||    12
       Fruit             |       |       |     1 ||     1
       Bread ration      |       |       |     1 ||     1
Armor: Leather armour    |    69 |    38 |    36 ||   143
Dodge: Dodged            |    95 |    98 |    86 ||   279
Block: Buckler           |     3 |    29 |    28 ||    60
